 Dungeon Crawl Stone Soup version 0.30.0-15-g856e2d3f33 (webtiles) character file.

Game seed: 4177546034203274408

11 CaptainMV the Chucker (level 2, -1/22 HPs)
             Began as a Demonspawn Wanderer on May 19, 2023.
             Slain by a jackal (2 damage)
             ... on level 1 of the Dungeon.
             The game lasted 00:01:36 (209 turns).

CaptainMV the Chucker (Demonspawn Wanderer)          Turns: 209, Time: 00:01:36

Health: -1/22      AC:  2    Str: 12    XL:     2   Next: 13%
Magic:  1/3        EV: 11    Int: 15    God:
Gold:   15         SH:  0    Dex: 10    Spells: 3/3 levels left

rFire   . . .        a - +3 dagger
rCold   . . .        (no shield)
rNeg    . . .        e - +0 robe
rPois   .            (no helmet)
rElec   .            (no cloak)
rCorr   .            (no gloves)
SInv    .            (no boots)
Will    .....        (no amulet)
Stlth   +            (no ring)
HPRegen 0.23/turn    (no ring)
MPRegen 0.08/turn

%: no passive effects
@: no status effects
A: hooves 1
a: no special abilities


You were on level 1 of the Dungeon.
You visited 1 branch of the dungeon, and saw 1 of its levels.

You collected 15 gold pieces.

Inventory:

Hand Weapons
 a - a +3 dagger (weapon)
 c - a +0 falchion
Missiles
 b - 4 curare-tipped darts (quivered)
Armour
 e - a +0 robe (worn)
Scrolls
 d - a scroll of teleportation


   Skills:
 + Level 2.1 Fighting
 + Level 0.1(1.1) Short Blades
 + Level 1.9 Long Blades
 + Level 2.9 Throwing
 + Level 2.0 Armour
 + Level 1.1 Spellcasting


You had 3 spell levels left.
You didn't know any spells.
Your spell library was empty.

Dungeon Overview and Level Annotations

Branches:
Dungeon (1/15)

Altars:


Innate Abilities, Weirdness & Mutations

You have large cloven feet.


Message History

You hit the goblin.
You kill the goblin! 2 jackals come into view.
The jackal barks! x2
The jackal bites you.
* * * LOW HITPOINT WARNING * * *
Things that are here:
a +1 antimagic dagger; a scroll of noise The jackal attacks as you move away!
The jackal bites you but does no damage.
You hit the jackal.
You kill the jackal!
The jackal bites you.
* * * LOW HITPOINT WARNING * * *
The jackal closely misses you.
Your Armour skill increases to level 2!
You have reached level 2!
Your demonic ancestry asserts itself...
Your feet thicken and deform.
You hit the jackal.
The jackal is almost dead.
The jackal barely misses you.
You barely miss the jackal. Your kick misses the jackal.
The jackal is almost dead.
You hit the jackal.
You kill the jackal!
The jackal bites you.
* * * LOW HITPOINT WARNING * * *
You hit the jackal but do no damage. You kick the jackal.
The jackal is moderately wounded.
The jackal bites you.
* * * LOW HITPOINT WARNING * * *
You hit the jackal. You kick the jackal.
You kill the jackal!
You hit the jackal.
The jackal is lightly wounded.
The jackal bites you.
* * * LOW HITPOINT WARNING * * *
The jackal bites you.
You die...

....................
###...#.##†.........
#?..#.##..........
#...#.##..........
#...#.##†.........
#...#.##.......... .
#...#.##.....###'#
.h.
#...#.###.........
.....##@....#
#.........
.$...'h)..#.#
#.........
.....##.#.#.#
#......... #...
.....#.###.........
..#
###.#..............#
# #.#.#........)...#
..#.#........)...#
.###........#####.#
.....##.#.# #.#


You could see a jackal.

Vanquished Creatures
  A hobgoblin (D:1)
  3 jackals (D:1)
  A kobold (D:1)
  A ball python (D:1)
  A bat (D:1)
  A frilled lizard (D:1)
  2 goblins (D:1)
10 creatures vanquished.

Notes
Turn   | Place    | Note
-------+----------+-------------------------------------------
     0 | D:1      | CaptainMV the Demonspawn Wanderer began the quest for the
                  | Orb.
     0 | D:1      | CaptainMV set off with the following items: a +3 dagger, 4
                  | curare-tipped darts, a +0 falchion, a scroll of
                  | teleportation, a +0 robe.
     0 | D:1      | Reached XP level 1. HP: 16/16 MP: 2/2
   204 | D:1      | Gained mutation: You have large cloven feet. [demonic
                  | ancestry]
   204 | D:1      | Reached XP level 2. HP: 5/22 MP: 0/3
   209 | D:1      | HP: 1/22 [jackal (2)]
   209 | D:1      | Slain by a jackal

Illustrated notes

Levels and vault maps discovered:
D:1:      dpeg_arrival_pits, layout_basic

Skill      XL: |  1 |
---------------+----+-----
Armour         | 2 |  2.0
Fighting       | |  2.1
Short Blades   | |  0.1
Long Blades    | |  1.9
Throwing       | |  2.9
Spellcasting   | |  1.1

Action                     || total
---------------------------++-------
  Melee: Dagger            ||    25
         Kick              ||     2
    Use: Scroll            ||     2
 Armour: Robe              ||     2
  Dodge: Dodged            ||    12
